 Seeded DCSS version 0.30.0-15-g856e2d3f33 (webtiles) character file.

Game seed: 12735965570273765983 (custom seed)

28 Pimp the Shooter (level 3, -8/22 HPs)
             Began as a Tengu Hunter on May 19, 2023.
             Mangled by Terence
             ... wielding a +3 flail
              (11 damage)
             ... on level 2 of the Dungeon.
             The game lasted 00:02:24 (711 turns).

Pimp the Shooter (Tengu Hunter)                      Turns: 711, Time: 00:02:25

Health: -8/22      AC:  3    Str: 11    XL:     3   Next: 14%
Magic:  4/4        EV: 13    Int: 11    God:
Gold:   17         SH:  0    Dex: 23    Spells: 2/2 levels left

rFire   + . .        h - +9 hand crossbow of Domination {heavy, *Slow rPois rC+ SInv}
rCold   + . .        (no shield)
rNeg    . . .        c - +0 leather armour
rPois   +            (helmet restricted)
rElec   .            (no cloak)
rCorr   .            (no gloves)
SInv    +            (boots unavailable)
Will    +....        (no amulet)
Stlth   ++           d - ring "Ruoh" {rF+ Will+ Int+2 Dex+4}
HPRegen 0.23/turn    (no ring)
MPRegen 0.09/turn

%: slow self (1%)
@: no status effects
A: beak, talons 3
a: no special abilities


You were on level 2 of the Dungeon.
You visited 1 branch of the dungeon, and saw 2 of its levels.

You collected 17 gold pieces.

Inventory:

Hand Weapons
 a - a +0 shortbow
 h - the +9 hand crossbow of Domination (weapon) {heavy, *Slow rPois rC+ SInv}
   (You acquired it on level 1 of the Dungeon)

   rC:        It protects you from cold.
   rPois:     It protects you from poison.
   SInv:      It lets you see invisible.
   *Slow:     It may slow you when you take damage.
Armour
 c - a +0 leather armour (worn)
Jewellery
 d - the ring "Ruoh" (left hand) {rF+ Will+ Int+2 Dex+4}
   (You acquired it on level 1 of the Dungeon)

   [ring of protection from fire]

   Int:       It affects your intelligence (+2).
   Dex:       It affects your dexterity (+4).
   rF:        It protects you from fire.
   Will:      It increases your willpower.
Scrolls
 b - a scroll of immolation
 i - a scroll of blinking {unknown}
Potions
 f - a potion of degeneration
 g - a potion of haste {unknown}


   Skills:
 + Level 2.5 Fighting
 + Level 4.7 Ranged Weapons
 + Level 2.7 Dodging
 - Level 1.3 Stealth


You had 2 spell levels left.
You didn't know any spells.
Your spell library was empty.

Dungeon Overview and Level Annotations

Branches:
Dungeon (2/15)

Altars:
Qazlal

Annotations:
D:2 Terence


Innate Abilities, Weirdness & Mutations

You have a beak for a mouth.
You have claws for feet.


Message History

No target in view!
No target in view!
This is a scroll of acquirement!
Something appears before you!
h - the +9 hand crossbow of Domination {heavy, *Slow rPois rC+ SInv}
h - the +9 hand crossbow of Domination (weapon)
{heavy, *Slow rPois rC+ SInv} Something appears before you!
d - the ring "Ruoh" {rF+ Will+ Int+2 Dex+4}
Okay, then.
You feel clever.
You feel agile.
d - the ring "Ruoh" (left hand) {rF+ Will+ Int+2 Dex+4} Done exploring.
There is a stone staircase leading down here.
You climb downwards.
Found a scroll labelled KYROAK PETWYSA and a spear.
Found a stormy altar of Qazlal.
There is a stone staircase leading up here.
i - a scroll labelled KYROAK PETWYSA An endoplasm comes into view.
An endoplasm is nearby!
An endoplasm is nearby!
Terence the Incautious comes into view.
He is wielding a +3 flail.
Found a robe.
Found an escape hatch in the floor.
Terence shouts!
You hear an angry hiss.
You shoot a bolt. The bolt barely misses Terence.
The endoplasm quivers.
A frilled lizard comes into view.
You shoot a bolt. The bolt hits Terence!
Terence is heavily wounded.
Terence hits you with a +3 flail!
Terence screams, "I'm going to kill you!"
Terence hits you with a +3 flail!
* * * LOW HITPOINT WARNING * * *
Terence attacks as you move away! Terence closely misses you.
As you read the scroll labelled LOILICE GORIW, it crumbles to dust.
It is a scroll of identify.
f - a potion of degeneration Terence hits you with a +3 flail!
Ouch! That really hurt!
You die...

#######
.....####
#......###.
#).........
#.._...#
#.....####
#.......<# #
#...#@######..#
#.#.#.@J......#
# #
######......#
......# ..>[..#
......# ......#
#######


You could see Terence and an endoplasm.

Vanquished Creatures
  4 ball pythons (D:1)
  2 endoplasms (D:1)
  A goblin (D:1)
  3 hobgoblins (D:1)
  5 jackals (D:1)
  2 kobolds (D:1)
  2 quokkas (D:1)
  A frilled lizard (D:1)
  3 rats (D:1)
23 creatures vanquished.

Notes
Turn   | Place    | Note
-------+----------+-------------------------------------------
     0 | D:1      | Pimp the Tengu Hunter began the quest for the Orb.
     0 | D:1      | Reached XP level 1. HP: 12/12 MP: 2/2
    51 | D:1      | Reached XP level 2. HP: 17/17 MP: 3/3
   346 | D:1      | Reached XP level 3. HP: 20/22 MP: 4/4
   650 | D:1      | Identified 2 scrolls of acquirement
   650 | D:1      | Acquired the +9 hand crossbow of Domination {heavy, *Slow
                  | rPois rC+ SInv}
   653 | D:1      | Acquired the ring "Ruoh" {rF+ Will+ Int+2 Dex+4}
   692 | D:2      | Found a stormy altar of Qazlal.
   703 | D:2      | Noticed Terence
   711 | D:2      | Mangled by Terence

Illustrated notes

Levels and vault maps discovered:
D:1:      dpeg_arrival_long_road, layout_loops_cross, hex_tiny
D:2:      minmay_evil_eye, layout_basic, basic_altar, minmay_ruptured,
          uniq_terence

Action                     || total
---------------------------++-------
   Fire: Shortbow          ||    47
         Hand crossbow     ||     2
    Use: Scroll            ||     3
 Armour: Leather armour    ||     4
  Dodge: Dodged            ||    11
